 Dungeon Crawl Stone Soup version 0.31-a0-675-g238779eb0a (webtiles) character file.

Game seed: 11808886099535005673

65 Xavori the Cutter (level 4, -2/33 HPs)
             Began as an Octopode Chaos Knight on Sept 5, 2023.
             Was a Plaything of Xom.
             Slain by a sleepcap (8 damage)
             ... on level 3 of the Dungeon.
             The game lasted 00:01:01 (2663 turns).

Xavori the Cutter (Octopode Chaos Knight)           Turns: 2663, Time: 00:01:01

Health: -2/33      AC:  3    Str: 10    XL:     4   Next: 14%
Magic:  4/4        EV: 13    Int: 18    God:    Xom [....*.]
Gold:   130        SH:  0    Dex: 12    Spells: 3/3 levels left

rFire   . . .        a - +0 short sword (chaos)
rCold   . . .        (no shield)
rNeg    . . .        (helmet restricted)
rPois   .            (no amulet)
rElec   .            c - ring of willpower
rCorr   .            (no ring)
SInv    .            (no ring)
Will    ++...        (no ring)
Stlth   ++           (no ring)
HPRegen 0.25/turn    (no ring)
MPRegen 0.09/turn    (no ring)
                     (no ring)

%: no passive effects
@: confused, ambrosia-drunk
A: almost no armour, amphibious, 8 rings, camouflage 1, gelatinous body 1,
(nimble swimmer 1), tentacles, tentacle spike 1, iridescent scales 1, clever 1,
strong-willed 1, MP-powered wands
a: Renounce Religion


You were on level 3 of the Dungeon.
You worshipped Xom.
You were a beloved toy of Xom.
You visited 1 branch of the dungeon, and saw 3 of its levels.

You collected 130 gold pieces.

Inventory:

Hand Weapons
 a - a +0 short sword of chaos (weapon)
Jewellery
 c - a ring of willpower (left tentacle)
 h - a ring of resist corrosion
Talismans
 f - a flux talisman
Scrolls
 b - a scroll of butterflies
 d - 3 scrolls of identify {unknown}
 e - 2 scrolls of revelation {unknown}
 g - a scroll of amnesia {unknown}
 j - 2 scrolls of enchant weapon {unknown}


   Skills:
 + Level 3.8 Fighting
 + Level 3.8 Short Blades
 + Level 2.7 Dodging
 + Level 1.1 Stealth


You had 3 spell levels left.
You didn't know any spells.
Your spell library contained the following spells:

 Spells                   Type           Power      Damage    Failure   Level
 Cigotuvi's Dreadful Rot  Necr/Pois/Air  0%         N/A       32%         2
 Ensorcelled Hibernation  Hex/Ice        0%         N/A       32%         2
 Passwall                 Tmut/Erth      0%         N/A       32%         2
 Ignite Poison            Fire/Tmut/Pois 0%         N/A       54%         3
 Swiftness                Air            0%         N/A       54%         3
 Freezing Cloud           Conj/Ice/Air   0%         6-21      99%         5


Dungeon Overview and Level Annotations

Branches:
Dungeon (3/15)

Altars:
Yredelemnul

Shops:
D:2 =

Annotations:
D:1 2 runed translucent doors


Innate Abilities, Weirdness & Mutations

You cannot wear most types of armour.
You are amphibious.
You can wear up to eight rings at the same time.
Your skin changes colour to match your surroundings (Stealth+).
Your rubbery body absorbs attacks. (AC +1, EV +1)
((You are camouflaged when in or above water. (Stealth+)))
You have tentacles for arms and can constrict up to eight enemies at once.
One of your tentacles bears a spike.
You are partially covered in iridescent scales. (AC +2)
Your mind is acute. (Int +4, Str/Dex -1)
You are strong-willed. (Will+)
You expend magic power (3 MP) to strengthen your wands.


Message History

There is a stone staircase leading up here.
Search for what [? for help]? talisman Unknown command.
A sleepcap comes into view.
A sleepcap is nearby!
A sleepcap is nearby!
A sleepcap is nearby!
The sleepcap barely misses you.
A sleepcap is nearby!
You hit the sleepcap but do no damage.
The sleepcap seems to speed up.
You grab the sleepcap.
You squeeze the sleepcap, but do no damage.
You constrict the sleepcap, but do no damage.
The sleepcap barely misses you.
A sleepcap is nearby!
You hit the sleepcap but do no damage. You squeeze the sleepcap!
The sleepcap is moderately damaged.
You constrict the sleepcap, but do no damage.
The sleepcap releases spores at you!
You are engulfed in a cloud of soporific spores!
You fall asleep.
You lose your grip on the sleepcap.
The sleepcap releases spores at you!!
You wake up.
Ouch! That really hurt!
* * * LOW HITPOINT WARNING * * *
You are engulfed in a cloud of soporific spores!
You are unaffected.
You are too injured to fight recklessly!
You are too injured to fight recklessly!
The sleepcap misses you.
It was a potion of ambrosia.
You are confused.
You feel invigorated. The sleepcap releases spores at you!
* * * LOW HITPOINT WARNING * * *
You are engulfed in a cloud of soporific spores!
You are unaffected.
The sleepcap attacks as it pursues you! The sleepcap closely misses you.
The sleepcap releases spores at you!
You die...
Xom chortles!

. ##. ###
#...######.##
...........(##
......##f@...#####
.#..#..........$..
## #.##.....#####
#..<....##
####.#.## ......
####.### ..# ###


You could see a sleepcap (fast).

Vanquished Creatures
  4 adders (D:2)
  2 bats (D:1)
  An endoplasm (D:1)
  5 goblins
  5 hobgoblins
  4 ball pythons
  2 frilled lizards (D:1)
  A kobold (D:1)
  5 rats (D:1)
29 creatures vanquished.

Notes
Turn   | Place    | Note
-------+----------+-------------------------------------------
     0 | D:1      | Xavori the Octopode Chaos Knight began the quest for the
                  | Orb.
     0 | D:1      | Reached XP level 1. HP: 16/16 MP: 1/1
    60 | D:1      | Found a large runed translucent door.
    60 | D:1      | Found a large runed translucent door.
    61 | D:1      | Noticed an orc wizard
    61 | D:1      | Noticed an orc warrior
    63 | D:1      | Noticed an orc wizard
   207 | D:1      | Reached XP level 2. HP: 21/21 MP: 2/2
   288 | D:1      | XOM: silly message
   616 | D:1      | XOM: silly message
   923 | D:1      | XOM: summons 1 hostile shadow creature
  1776 | D:1      | XOM: give mutation
  1776 | D:1      | Gained mutation: Your mind is acute. (Int +4, Str/Dex -1)
                  | [Xom's grace]
  1782 | D:1      | XOM: give mutations
  1782 | D:1      | Gained mutation: You are partially covered in iridescent
                  | scales. (AC +2) [Xom's grace]
  1782 | D:1      | Gained mutation: You expend magic power (3 MP) to
                  | strengthen your wands. [Xom's grace]
  1782 | D:1      | Gained mutation: One of your tentacles bears a spike.
                  | [Xom's grace]
  1782 | D:1      | Gained mutation: You are strong-willed. (Will+) [Xom's
                  | grace]
  1808 | D:2      | Reached XP level 3. HP: 26/26 MP: 3/3
  1951 | D:2      | Reached skill level 1 in Stealth
  2030 | D:2      | Found a basalt altar of Yredelemnul.
  2143 | D:2      | Reached XP level 4. HP: 33/33 MP: 4/4
  2355 | D:2      | Found Fiafuw's Jewellery Emporium.
  2662 | D:3      | HP: 1/33 [sleepcap (8)]
  2663 | D:3      | Slain by a sleepcap

Illustrated notes

Levels and vault maps discovered:
D:1:      erik_arrival_cave_to_civilisation [erik_arrival_cave_to_temple],
          layout_basic
D:2:      layout_basic, basic_altar, serial_shops, nicolae_shop_waterfront,
          corexii_corridor_pit, amcnicky_mini_pool_small
D:3:      layout_loops_ring, mainiacjoe_overflow_tiny_flanked, glass_columns_c,
          patterned_corridor

Skill      XL: |  1  2  3 |
---------------+----------+-----
Stealth        | 1 |  1.1
Fighting       | |  3.8
Short Blades   | |  3.8
Dodging        | |  2.7

Action                     |  1- 3 |  4- 6 || total
---------------------------+-------+-------++-------
  Melee: Short sword       |    54 |     4 ||    58
         Constrict         |    18 |     2 ||    20
         Tentacles         |     9 |     3 ||    12
         Punch             |     1 |       ||     1
         Kick              |     4 |     1 ||     5
    Use: Potion            |       |     1 ||     1
   Stab: Sleeping          |     3 |       ||     3
 Armour: Skin              |    13 |     5 ||    18
  Dodge: Dodged            |    31 |     4 ||    35

Table legend: (Time is in decaauts)
 A = Elapsed time spent in this place.
 B = Non-inter-level travel time spent in this place.
 C = Inter-level travel time spent in this place.
 D = Time resting spent in this place.
 E = Time spent auto-exploring this place.
 F = Levels seen in this place.
 G = Mean time per level.
                   A        B        C        D        E       F      G
               +--------+--------+--------+--------+--------+-----+--------+
         Total |   2653 |   2600 |     53 |    856 |   1550 |   3 |  884.3 |
       Dungeon |   2653 |   2600 |     53 |    856 |   1550 |   3 |  884.3 |
               +--------+--------+--------+--------+--------+-----+--------+

Top non-repeatable levels by time:
     D:1: 1633 daAuts
     D:2: 1007 daAuts
     D:3: 12 daAuts
